 Dungeon Crawl Stone Soup version 0.30-a0-596-g0af90f9a20 (webtiles) character file.

Game seed: 10551705455468555662

82730 experimilk the Gelid (level 15, 0/89 HPs)
             Began as a White Draconian Conjurer on Jan 7, 2023.
             Was an Elder of Hepliaklqana.
             Slain by a reaper
             ... wielding a +1 scythe of freezing
              (2 damage)
             ... in an ice cave.
             The game lasted 02:26:07 (38975 turns).

experimilk the Gelid (White Draconian Conjurer)    Turns: 38975, Time: 02:26:07

Health: 0/89       AC: 21    Str: 11    XL:     15   Next: 30%
Magic:  22/28      EV: 12    Int: 25    God:    Hepliaklqana [****..]
Gold:   1114       SH:  0    Dex:  9    Spells: 7/32 levels left

rFire   + . .      SeeInvis .    Z - +1 trident (flame)
rCold   + + +      Faith    .    (no shield)
rNeg    . . .      Spirit   .    (body armour unavailable)
rPois   .          Reflect  .    C - +0 hat
rElec   .          Harm     .    M - +1 cloak
rCorr   .          Rampage  .    X - +2 pair of gloves
Will    +....                    x - +2 pair of boots {Fly}
Stlth   ++                       T - amulet of magic regeneration
HPRegen 0.34/turn                S - ring of the Cricket {rF+ rC+ Slay+5}
MPRegen 0.61/turn                H - ring "Wufewep" {rC+ AC+4}

@: flying
A: reduced essence, breathe frost, AC +9, unfitting armour, cold resistance 1,
cold-blooded
a: Breathe Frost, Renounce Religion, Recall Ancestor, Ancestor Identity,
Transference, Idealise


You were in an ice cave.
You worshipped Hepliaklqana.
Hepliaklqana was greatly pleased with you.
You visited 3 branches of the dungeon, and saw 20 of its levels.
You also visited: Sewer, Bailey, Gauntlet and Ice Cave.

You collected 3246 gold pieces.
You spent 2132 gold pieces at shops.

Inventory:

Hand Weapons
 g - a +1 short sword of draining
 Z - a +1 trident of flaming (weapon)
Armour
 x - a +2 pair of boots of flying (worn)
 C - a +0 hat (worn)
 M - a +1 cloak (worn)
 W - a +0 kite shield
 X - a +2 pair of gloves (worn)
Jewellery
 e - a ring of protection from fire
 q - a +5 ring of evasion
 y - a +4 ring of protection
 H - the ring "Wufewep" (right hand) {rC+ AC+4}
   (You found it on level 5 of the Lair of Beasts)

   [ring of protection]

   AC:        It affects your AC (+4).
   rC:        It protects you from cold.
 R - a ring of ice
 S - the ring of the Cricket (left hand) {rF+ rC+ Slay+5}
   (You bought it in a shop on level 2 of the Orcish Mines)

   [ring of protection from fire]

   Slay:      It affects your accuracy & damage with ranged weapons and melee
   (+5).
   rF:        It protects you from fire.
   rC:        It protects you from cold.
 T - an amulet of magic regeneration (around neck)
 V - the amulet "Kyinik" {Faith Rampage Str+4}
   (You found it in a Gauntlet)

   [amulet of faith]

   It allows you to gain divine favour quickly.
   Str:       It affects your strength (+4).
   Rampage:   It bestows one free step when moving towards enemies.
Wands
 d - a wand of paralysis (30)
 h - a wand of mindburst (26)
 i - a wand of iceblast (9)
 s - a wand of polymorph (3)
 E - a wand of flame (14)
 L - a wand of digging (3)
Scrolls
 a - a scroll of fear
 c - 11 scrolls of teleportation
 k - 6 scrolls of enchant armour
 l - 7 scrolls of fog
 m - 5 scrolls of amnesia
 n - 4 scrolls of butterflies
 r - 2 scrolls of vulnerability
 w - 3 scrolls of torment
 A - 3 scrolls of immolation
 B - a scroll of silence
 F - 3 scrolls of poison
 G - 5 scrolls of enchant weapon
 N - 6 scrolls of identify
 O - a scroll of brand weapon
 Q - 3 scrolls of blinking
Potions
 b - 7 potions of curing
 f - 6 potions of heal wounds
 j - 5 potions of haste
 o - 2 potions of resistance
 p - 4 potions of lignification
 t - 7 potions of flight
 u - 2 potions of might
 v - 2 potions of ambrosia
 z - 4 potions of cancellation
 D - 2 potions of invisibility
 I - a potion of magic
 J - a potion of attraction
 K - 4 potions of mutation
 Y - 2 potions of brilliance {unknown}
Miscellaneous
 P - a condenser vane
 U - a tin of tremorstones (inert)


   Skills:
 - Level 1.7 Dodging
 - Level 1.7 Stealth
 - Level 9.1 Spellcasting
 * Level 16.3 Conjurations
 - Level 11.0 Summonings
 * Level 3.8 Necromancy
 + Level 17.8 Ice Magic
 - Level 5.0 Air Magic
 - Level 6.0 Invocations
 - Level 3.0 Evocations


You had 7 spell levels left.
You knew the following spells:

 Your Spells              Type           Power      Damage    Failure   Level
a - Call Canine Familiar  Summ           60%        N/A       1%          3
b - Magic Dart            Conj           100%       1d8       0%          1
c - Freezing Cloud        Conj/Ice/Air   33%        6-21      1%          5
d - Summon Small Mammal   Summ           100%       N/A       1%          1
m - Sublimation of Blood  Necr           30%        N/A       1%          2
s - Summon Guardian Gole  Hex/Summ       38%        N/A       1%          3
t - Ice Form              Ice/Tmut       54%        N/A       1%          4
x - Iskenderun's Mystic   Conj/Tloc      51%        2d11      1%          4
z - Searing Ray           Conj           100%       2d8       0%          2

Your spell library contained the following spells:

 Spells                   Type           Power      Damage    Failure   Level
 Hailstorm                Conj/Ice       77%        3d16      0%          3
 Kiss of Death            Conj/Necr      100%       2d13      1%          1
 Necrotise                Necr           100%       1d9       1%          1
 Dazzling Flash           Conj/Hex       100%       N/A       1%          3
 Flame Wave               Conj/Fire      51%        2d13      1%          4
 Fulminant Prism          Conj/Hex       25%        3d13      1%          4
 Sticky Flame             Conj/Fire      51%        2d7       1%          4
 Vampiric Draining        Necr           30%        2d8       3%          3
 Metabolic Englaciation   Hex/Ice        27%        N/A       3%          5
 Scorch                   Fire           22%        2d6       9%          2
 Wereblood                Tmut           11%        N/A       9%          2
 Kindle Blastsparks       Fire/Tloc/Air  38%        2d13      9%          3
 Summon Cactus Giant      Summ           30%        N/A       9%          6
 Simulacrum               Ice/Necr       30%        N/A       10%         6
 Conjure Ball Lightning   Conj/Air       29%        3x3d8     11%         6
 Dispel Undead            Necr           30%        3d14      12%         4
 Confusing Touch          Hex            11%        N/A       16%         3
 Ignite Poison            Fire/Tmut/Pois 11%        N/A       16%         3
 Inner Flame              Hex/Fire       11%        N/A       16%         3
 Agony                    Necr           30%        N/A       32%         5
 Summon Hydra             Summ           30%        N/A       45%         7
 Petrify                  Tmut/Erth      11%        N/A       47%         4
 Statue Form              Tmut/Erth      7%         N/A       100%        6
 Discord                  Hex            5%         N/A       100%        8
 Disjunction              Tloc           5%         N/A       100%        8


Dungeon Overview and Level Annotations

Branches:
Dungeon (13/15)            Temple (0/1) D:7            Lair (5/5) D:10
  Swamp (0/4) Lair:3       Spider (0/4) Lair:3        Slime (0/5) Lair:5
    Orc (2/2) D:10            Elf (0/3) Orc:2         Sewer (visited)
 Bailey (visited)           IceCv (1/1)             Gauntlet (visited)
 Vaults: D:13-14

Altars:
Ashenzari
Cheibriados
Elyvilon
Hepliaklqana
Nemelex Xobeh
Okawaru
Sif Muna
Zin
The Shining One
Jiyva

Shops:
D:3 !   D:4 ?   Orc:2 =[=*

Annotations:
D:2 use dig
D:5 dig here
D:10 1 transporter id spellbook


Innate Abilities, Weirdness & Mutations

Your life essence is reduced to manifest your ancestor. (-10% HP)
You can breathe waves of freezing cold which knock back foes.
Your icy white scales are hard. (AC +9)
You cannot fit into any form of body armour.
Your flesh is cold resistant. (rC+)
You are cold-blooded and may be slowed by cold attacks.


Message History

Reach: Z) +1 trident (flame)
Press: ? - help, Dir - move target, f - dire elephant simulacrum
Aim: a dire elephant simulacrum (lightly damaged, ally target, about 2% to evade your +1 trident of flaming)
You reach to attack!
You hit the dire elephant simulacrum.
You melt the dire elephant simulacrum.
The dire elephant simulacrum is lightly damaged.
Cuetlachtli hits the dire elephant simulacrum with a +0 broad axe of flaming.
Cuetlachtli melts the dire elephant simulacrum.
The dire elephant simulacrum tramples you!
You hold your ground!
The dire elephant simulacrum trunk-slaps you but does no damage.
You hit the dire elephant simulacrum.
You melt the dire elephant simulacrum.
You tail-slap the dire elephant simulacrum, but do no damage.
The dire elephant simulacrum is moderately damaged.
Cuetlachtli hits the dire elephant simulacrum with a +0 broad axe of flaming!
Cuetlachtli melts the dire elephant simulacrum.
The dire elephant simulacrum tramples Cuetlachtli!
Cuetlachtli is shoved backwards!
Cuetlachtli hits the dire elephant simulacrum with a +0 broad axe of flaming!
Cuetlachtli melts the dire elephant simulacrum!
You strike the helpless dire elephant simulacrum from behind!
You puncture the dire elephant simulacrum!
You melt the dire elephant simulacrum.
The dire elephant simulacrum vaporises!
You start resting.
A reaper comes into view. It is wielding a +1 scythe of freezing.
A reaper is nearby!
Casting: Iskenderun's Mystic Blast (dangerous; 1% risk of failure)
Confirm with . or Enter, or press ? or * to list all spells.
Aiming: Freezing Cloud (dangerous; 1% risk of failure)
Press: ? - help, Dir - move target That beam is likely to hit you.
Continue anyway?
You are engulfed in freezing vapours.
You resist.
The reaper is engulfed in freezing vapours.
The reaper hits you with a +1 scythe of freezing!
The reaper attacks as you move away!
The reaper hits you with a +1 scythe of freezing!!
* * * LOW HITPOINT WARNING * * *
The reaper freezes you.
You die...

##...#### #
###....#######
###...#....####
###....##...#
##### #########..
#§§[## ###...#
.§§§.# ##....##
##2§.# ####....##
#@R# ##.....###
#..####.....## #
##...#....###
####
###....#######≈≈≈
#####..##≈≈≈≈≈≈
#.#..≈≈≈≈≈≈
####≈≈≈≈≈≈#
###≈#≈≈# ######


You could see the friendly Cuetlachtli the knight and a reaper (ally target).

Vanquished Creatures
  A minotaur (Gauntlet)
  2 vault guards (Bailey)
  Josephine (Orc:1)
  An entropy weaver (Gauntlet)
  A hydra (Lair:3)
  Fannar (Orc:1)
  2 ogre magi (Orc:2)
  A boulder beetle (D:12)
  A catoblepas (Lair:5)
  11 two-headed ogres
  2 death yaks (Lair:5)
  An orc high priest (Orc:2)
  2 deep trolls (Orc:2)
  A wizard (Gauntlet)
  2 large abominations (Gauntlet)
  An orc sorcerer (Orc:2)
  A manticore (Lair:5)
  A cyclops (Orc:2)
  A wolf spider (Gauntlet)
  9 elephants
  An ice statue (IceCv)
  6 cane toads
  3 black mambas
  A kobold demonologist (D:12)
  An unseen horror (D:12)
  A rime drake (Lair:4)
  2 efreet (D:13)
  7 komodo dragons
  10 trolls
  Prince Ribbit (Bailey)
  9 blink frogs
  2 jumping spiders
  3 slime creatures (D:12)
  A vampire (D:11)
  3 wraiths
  2 wyverns
  3 dire elephant simulacra (IceCv)
  2 culicivoras (Lair:3)
  4 basilisks
  47 yaks
  7 vampire mosquitoes (D:12)
  4 humans (Bailey)
  A warg (Orc:1)
  An acid dragon (D:10)
  11 water moccasins
  2 black bears (D:6)
  13 orc warriors
  6 centaurs
  22 ogres
  13 wolves
  2 small abominations (Gauntlet)
  5 kobold brigands
  12 bullfrogs
  3 two-headed ogre simulacra (IceCv)
  A scorpion (D:6)
  A necrophage (D:5)
  3 wights (D:8)
  4 killer bees
  2 electric eels (D:10)
  2 howler monkeys (D:10)
  5 hounds
  20 orc priests
  2 jellies
  4 iguanas
  Natasha (thrice) (D:4)
  29 orc wizards
  3 hell rats
  2 troll simulacra (IceCv)
  A wolf simulacrum (IceCv)
  3 spriggan simulacra (IceCv)
  3 polar bear simulacra (IceCv)
  A gnoll (Bailey)
  14 adders
  A naga simulacrum (IceCv)
  4 river rats (Sewer)
  A shadow imp (Gauntlet)
  4 white imps
  5 ufetubi
  70 orcs
  11 bats
  9 endoplasms
  7 giant cockroaches
  15 goblins
  8 hobgoblins
  3 jackals (D:1)
  19 kobolds
  5 quokkas
  6 ball pythons
  A frilled lizard (D:3)
  9 rats
  2 bushes
537 creatures vanquished.

Vanquished Creatures (collateral kills)
  2 hydras
  An ogre mage (D:12)
  2 two-headed ogres
  3 catoblepae
  A manticore (Lair:5)
  2 cyclopes
  9 elephants
  3 black mambas (Lair:5)
  A torpor snail (Lair:1)
  An unseen horror (D:11)
  6 cane toads
  5 rime drakes
  3 komodo dragons
  3 trolls
  6 blink frogs (Lair:1)
  2 slime creatures (D:12)
  A jumping spider (Lair:3)
  A culicivora (Lair:3)
  5 wraiths
  2 wyverns
  15 yaks
  A redback (Lair:3)
  A vampire mosquito (D:12)
  2 wargs (Orc:2)
  5 water moccasins
  6 orc warriors
  9 wolves
  2 ogres (Orc:2)
  A kobold brigand (D:10)
  7 bullfrogs
  2 small abominations (Gauntlet)
  A cane toad simulacrum (IceCv)
  4 two-headed ogre simulacra (IceCv)
  2 wights (D:8)
  A killer bee (D:7)
  An elephant simulacrum (IceCv)
  A howler monkey (D:10)
  2 orc priests
  A jelly (Lair:5)
  3 orc wizards
  2 hell rats (Lair:2)
  2 troll simulacra (IceCv)
  A wolf simulacrum (IceCv)
  4 naga simulacra (IceCv)
  3 white imps (IceCv)
  An ufetubus (IceCv)
  11 orcs
  An endoplasm (Lair:5)
  4 kobolds
  A bat (D:7)
156 creatures vanquished.

Vanquished Creatures (others)
  6 death yaks (Lair:5)
  A torpor snail (Lair:1)
  2 rime drakes (Lair:1)
  2 komodo dragons
  A blink frog (Lair:1)
  4 yaks
  2 wolves (Lair:5)
  A jelly (Lair:5)
  4 knights
  A hell rat (Lair:2)
  9 ancestors
  55 fungi
  63 plants
151 creatures vanquished.

Grand Total: 844 creatures vanquished

Notes
Turn   | Place    | Note
-------+----------+-------------------------------------------
     0 | D:1      | experimilk the Draconian Conjurer began the quest for the
                  | Orb.
     0 | D:1      | Reached XP level 1. HP: 14/14 MP: 3/3
   246 | D:1      | Reached XP level 2. HP: 20/20 MP: 0/5
   324 | D:1      | Learned a level 2 spell: Searing Ray
  1258 | D:2      | Found a hazy altar of Hepliaklqana.
  1289 | D:2      | Reached XP level 3. HP: 26/26 MP: 1/6
  1632 | D:2      | Reached skill level 5 in Conjurations
  1829 | D:2      | Identified the +5 leather armour of Untruth {rPois Int+2}
  2038 | D:2      | Reached XP level 4. HP: 33/33 MP: 4/8
  2778 | D:3      | Reached XP level 5. HP: 38/38 MP: 5/10
  3185 | D:3      | Found Teiblu's Distillery.
  3188 | D:3      | Bought a potion of flight for 36 gold pieces
  3188 | D:3      | Bought a potion of lignification for 36 gold pieces
  3188 | D:3      | Bought a potion of degeneration for 12 gold pieces
  3188 | D:3      | Bought a potion of might for 48 gold pieces
  3649 | D:4      | Found a glowing drain.
  3767 | D:4      | Reached XP level 6. HP: 38/45 MP: 0/11
  3781 | Sewer    | Entered a sewer
  4522 | D:4      | You are sucked into a shaft and drop 1 floor!
  4522 | D:5      | Entered Level 5 of the Dungeon
  4716 | D:5      | Noticed a water moccasin
  4724 | D:5      | Killed a water moccasin
  4725 | D:5      | Your scales start taking on an icy white colour.
  4725 | D:5      | Reached XP level 7. HP: 50/50 MP: 3/13
  4725 | D:5      | Gained mutation: Your flesh is cold resistant. (rC+) [White
                  | Draconian growth]
  4729 | D:5      | Learned a level 3 spell: Hailstorm
  4731 | D:5      | Learned a level 1 spell: Summon Small Mammal
  5097 | D:4      | Reached skill level 1 in Ice Magic
  5187 | D:4      | Noticed Natasha
  5191 | D:4      | Killed Natasha
  5427 | D:4      | Noticed Natasha
  5431 | D:4      | Killed Natasha
  5460 | D:4      | Reached skill level 2 in Ice Magic
  5544 | D:4      | Noticed Natasha
  5549 | D:4      | Killed Natasha
  5634 | D:4      | Found Vima's Magic Scroll Shop.
  5638 | D:4      | Bought a scroll of identify for 20 gold pieces
  5638 | D:4      | Bought a scroll of identify for 20 gold pieces
  5785 | D:2      | Became a worshipper of Hepliaklqana the Forgotten
  6093 | D:5      | Reached skill level 3 in Ice Magic
  6331 | D:5      | Reached skill level 5 in Spellcasting
  6535 | D:5      | Reached XP level 8. HP: 57/57 MP: 7/15
  7264 | D:6      | Reached skill level 1 in Summonings
  7275 | D:6      | Reached skill level 4 in Ice Magic
  8007 | D:7      | Reached skill level 5 in Ice Magic
  8142 | D:6      | Learned a level 3 spell: Call Canine Familiar
  8221 | D:6      | Reached skill level 10 in Conjurations
  8325 | D:7      | Reached XP level 9. HP: 52/62 MP: 10/16
  8454 | D:7      | Reached * piety under Hepliaklqana
  9535 | D:7      | Found a staircase to the Ecumenical Temple.
  9791 | D:7      | Learned a level 5 spell: Freezing Cloud
 10057 | D:8      | Reached skill level 1 in Air Magic
 10058 | D:8      | Found a flagged portal.
 10064 | Bailey   | Entered a bailey
 10445 | Bailey   | Reached skill level 6 in Ice Magic
 10870 | Bailey   | Reached skill level 7 in Ice Magic
 11231 | Bailey   | Noticed Prince Ribbit
 11231 | Bailey   | Noticed a vault guard
 11255 | Bailey   | Killed a vault guard
 11256 | Bailey   | Reached skill level 5 in Summonings
 11256 | Bailey   | Reached XP level 10. HP: 60/62 MP: 8/17
 11258 | Bailey   | Killed Prince Ribbit
 11259 | Bailey   | Reached skill level 8 in Ice Magic
 11464 | Bailey   | Noticed a vault guard
 11472 | Bailey   | Killed a vault guard
 12324 | D:8      | Reached skill level 9 in Ice Magic
 13509 | D:9      | Found a white marble altar of Elyvilon.
 13604 | D:9      | Noticed a two-headed ogre
 13611 | D:9      | Killed a two-headed ogre
 14007 | D:9      | Reached ** piety under Hepliaklqana
 14008 | D:9      | Remembered your ancestor Cuetlachtli as a knight
 14982 | D:9      | Learned a level 4 spell: Iskenderun's Mystic Blast
 15033 | D:10     | Entered Level 10 of the Dungeon
 15037 | D:10     | Reached XP level 11. HP: 66/66 MP: 9/19
 15179 | D:10     | Reached skill level 10 in Ice Magic
 15361 | D:10     | Found a shimmering blue altar of Sif Muna.
 15428 | D:10     | Found a sparkling altar of Nemelex Xobeh.
 15428 | D:10     | Found a transporter.
 15428 | D:10     | Noticed a stone giant
 15429 | D:10     | Noticed a boulder beetle
 15537 | D:10     | Found a snail-covered altar of Cheibriados.
 15548 | D:10     | Found an iron altar of Okawaru.
 15647 | D:10     | Found a glowing golden altar of the Shining One.
 15649 | D:10     | Found a glowing silver altar of Zin.
 15824 | D:10     | Learned a level 2 spell: Sublimation of Blood
 15868 | D:10     | Found a staircase to the Lair.
 16094 | D:10     | Found a staircase to the Orcish Mines.
 16232 | Lair:1   | Entered Level 1 of the Lair of Beasts
 16262 | D:10     | Reached skill level 11 in Ice Magic
 17020 | D:10     | Learned a level 3 spell: Summon Guardian Golem
 17923 | Lair:1   | Reached skill level 12 in Ice Magic
 18232 | Lair:1   | Reached XP level 12. HP: 58/72 MP: 14/23
 18517 | Lair:1   | Found the +4 skin of Zhor {*Englaciate rC+++ SInv}
 18733 | Lair:2   | Reached *** piety under Hepliaklqana
 18803 | Lair:2   | Reached skill level 13 in Ice Magic
 19915 | Lair:2   | Found a snail-covered altar of Cheibriados.
 20072 | Lair:2   | Noticed a six-headed hydra
 20082 | Lair:2   | Killed a six-headed hydra
 20083 | Lair:2   | Reached skill level 1 in Necromancy
 20904 | Lair:3   | Noticed a seven-headed hydra
 20911 | Lair:3   | Killed a seven-headed hydra
 21010 | Lair:3   | Found a broken altar of Ashenzari.
 21576 | Lair:3   | Found a hole to the Spider Nest.
 21634 | Lair:3   | Reached skill level 14 in Ice Magic
 22029 | Lair:3   | Found a staircase to the Swamp.
 22378 | Lair:3   | Noticed a catoblepas
 22418 | Lair:3   | Killed a catoblepas
 22834 | Lair:4   | Reached **** piety under Hepliaklqana
 22890 | Lair:4   | Learned a level 4 spell: Ice Form
 23004 | Lair:4   | Reached skill level 15 in Ice Magic
 23004 | Lair:4   | Reached XP level 13. HP: 72/77 MP: 6/26
 23306 | Lair:4   | Reached skill level 1 in Invocations
 24132 | Lair:4   | Reached skill level 5 in Invocations
 24957 | Lair:5   | Entered Level 5 of the Lair of Beasts
 26744 | Lair:5   | Found a staircase to the Slime Pits.
 26744 | Lair:5   | Found a viscous altar of Jiyva.
 27821 | Lair:5   | Reached skill level 10 in Summonings
 27954 | Lair:5   | Reached XP level 14. HP: 83/83 MP: 12/27
 28495 | Lair:5   | Reached skill level 16 in Ice Magic
 28906 | Lair:5   | Reached skill level 15 in Conjurations
 28980 | Lair:5   | Identified the ring "Wufewep" {rC+ AC+4}
 29290 | Orc:1    | Entered Level 1 of the Orcish Mines
 29290 | Orc:1    | Noticed Fannar
 29451 | D:4      | Bought a scroll of acquirement for 520 gold pieces
 29451 | D:4      | Acquired 948 gold pieces
 30074 | Orc:1    | Noticed Josephine
 30079 | Orc:1    | Killed Josephine
 30080 | Orc:1    | Reached skill level 1 in Evocations
 30090 | Orc:1    | Killed Fannar
 30571 | Orc:2    | Entered Level 2 of the Orcish Mines
 30783 | Orc:2    | Found a staircase to the Elven Halls.
 31856 | Orc:2    | Reached skill level 17 in Ice Magic
 32323 | Orc:2    | Found Inwo's Assorted Antiques.
 32326 | Orc:2    | Found Duajeudgh's Jewellery Shoppe.
 32330 | Orc:2    | Found Joff's Antique Armour Emporium.
 32331 | Orc:2    | Found Qel Quf's Jewellery Shop.
 33141 | Orc:2    | Bought the ring of the Cricket {rF+ rC+ Slay+5} for 960
                  | gold pieces
 33150 | Orc:2    | Bought an amulet of magic regeneration for 480 gold pieces
 33294 | D:11     | Found a gate leading to a gauntlet.
 33299 | Gauntlet | Entered a Gauntlet
 33299 | Gauntlet | Found a transporter.
 33299 | Gauntlet | Found a transporter.
 33299 | Gauntlet | Found a runed translucent gate.
 33299 | Gauntlet | Found a runed translucent gate.
 33299 | Gauntlet | Found a runed translucent gate.
 33301 | Gauntlet | Found a transporter.
 33302 | Gauntlet | Found a transporter.
 33321 | Gauntlet | Found a transporter.
 33329 | Gauntlet | Found a transporter.
 33333 | Gauntlet | Found a transporter.
 33341 | Gauntlet | Found a transporter.
 33358 | Gauntlet | Found a transporter.
 33372 | Gauntlet | Found a transporter.
 33376 | Gauntlet | Found a transporter.
 33384 | Gauntlet | Found a transporter.
 33660 | Gauntlet | Identified the amulet "Kyinik" {Faith Rampage Str+4}
 33681 | Gauntlet | Reached XP level 15. HP: 89/89 MP: 21/28
 34049 | Gauntlet | Found the +5 Lochaber axe {reach-cleave, poleaxe, Drain}
 35765 | D:12     | Reached skill level 5 in Air Magic
 35783 | D:12     | Paralysed by an ogre mage for 4 turns
 36985 | D:13     | Found a frozen archway.
 36996 | IceCv    | Entered an ice cave
 38975 | IceCv    | HP: 2/89 [reaper/+1 scythe of freezing (32)]
 38975 | IceCv    | Slain by a reaper

Illustrated notes

Levels and vault maps discovered:
D:1:      ncdulo_lavacross, layout_loops_ring, minmay_misc_feat_iff
D:2:      layout_loops_ring, basic_altar, kennysheep_donut,
          supply_closet_lemuel, grunt_ministairs_7, minmay_statues_item,
          minmay_tiny_reverse_x
D:3:      layout_basic, serial_shops, nicolae_shop_behind_doors, serial_rivers,
          chequers_serial_rivers_micro_e, chequers_serial_rivers_large_b,
          chequers_serial_rivers_small_3, chequers_serial_rivers_micro_c,
          chequers_serial_rivers_large_a
D:4:      layout_basic, gup_sewer_entry_glass, serial_shops,
          nicolae_diamond_shop, minmay_bent, uniq_natasha
D:5:      cheibrodos_quashed, layout_loops_ring, chequers_serial_rivers_micro_c,
          kennysheep_minor_cross
D:6:      layout_rooms, minmay_misc_feat_cross
D:7:      layout_loops_ring, minmay_temple_entry_waves, roderic_batcave
D:8:      layout_rooms, enter_bailey_3, minmay_diced_spiral
D:9:      layout_stronghold, old_standard_altar
D:10:     layout_basic, nicolae_sif_muna_condensation, grunt_nemelex_the_gamble,
          amethyst_overflow_temple_binary, nicolae_overflow_squiral, david_orc_4
D:11:     layout_basic, gauntlet_entry_generic, minmay_fractal_squares_5
D:12:     layout_irregular_city
D:13:     lemuel_troll_bridge, layout_basic, ximxim_vaults_locker_room,
          portal_ice_cave_entry_pillars_1, zin_treasury, uniq_maurice
Lair:1:   layout_misc_corridors, chequers_serial_rivers_marsh, minivault_23,
          hellmonk_guarded_unrand_zhor
Lair:2:   layout_roguey, basic_altar
Lair:3:   layout_misc_corridors, swamp_mist_pool,
          nicolae_spider_entry_tight_spaces, basic_altar,
          infiniplex_staircase_pool_2
Lair:4:   layout_cave_pods
Lair:5:   evilmike_catoblepas_cave, layout_gridlike,
          nicolae_slime_entry_slimehenge
Orc:1:    layout_caves, nicolae_orc_rockfall, uniq_josephine, uniq_fannar
Orc:2:    st_orc_open, layout_caves
IceCv:    ice_cave_caverns_01

Skill      XL: |  1  2  3  4  5  6  7  8  9 10 11 12 13 14 15 |
---------------+----------------------------------------------+-----
Conjurations   | 5 6 7 8 10 11 12 13 14 15 16 | 16.3
Spellcasting   | 3 4 5 7 9 |  9.1
Ice Magic      | 3 5 7 9 12 15 17 | 17.8
Summonings     | 2 5 7 8 10 11 | 11.0
Air Magic      | 3 4 5 |  5.0
Necromancy     | 3 |  3.8
Invocations    | 6 |  6.0
Evocations     | 3 |  3.0
Dodging        | |  1.7
Stealth        | |  1.7

Action                   |  1- 3 |  4- 6 |  7- 9 | 10-12 | 13-15 || total
-------------------------+-------+-------+-------+-------+-------++-------
Melee: Unarmed           |     2 |       |       |       |    17 ||    19
       Short sword       |    15 |    44 |    54 |       |       ||   113
       Tailslap          |     2 |     3 |     6 |    10 |    22 ||    43
       Trident           |       |       |    33 |   149 |   181 ||   363
       Punch             |       |       |       |       |     1 ||     1
 Cast: Magic Dart        |    52 |    41 |    43 |    21 |     6 ||   163
       Searing Ray       |    10 |    44 |    52 |     2 |     5 ||   113
       Summon Small Mamm |       |       |    28 |     8 |     7 ||    43
       Hailstorm         |       |       |    45 |    24 |       ||    69
       Call Canine Famil |       |       |    12 |    24 |    11 ||    47
       Freezing Cloud    |       |       |     2 |    75 |   171 ||   248
       Iskenderun's Myst |       |       |       |    20 |    64 ||    84
       Summon Guardian G |       |       |       |    22 |    23 ||    45
       Sublimation of Bl |       |       |       |     2 |    22 ||    24
       Ice Form          |       |       |       |     1 |     3 ||     4
Invok: Recall Ancestor   |       |       |     1 |     1 |     5 ||     7
       Ancestor Life: Kn |       |       |       |     1 |       ||     1
       Transference      |       |       |       |       |     3 ||     3
 Abil: Breathe Frost     |       |       |    17 |     4 |     9 ||    30
Evoke: Wand              |       |       |     1 |       |       ||     1
       Condenser vane    |       |       |       |       |     1 ||     1
       Tin of tremorston |       |       |       |       |     2 ||     2
  Use: Scroll            |     7 |     4 |     8 |     9 |     9 ||    37
       Potion            |       |       |     4 |       |     3 ||     7
 Stab: Distracted        |       |       |       |     1 |     2 ||     3
       Sleeping          |       |       |       |     1 |       ||     1
Armor: Skin              |     3 |    25 |    55 |    60 |   115 ||   258
Dodge: Dodged            |    18 |    71 |   143 |   167 |   160 ||   559

Table legend: (Time is in decaauts)
 A = Elapsed time spent in this place.
 B = Non-inter-level travel time spent in this place.
 C = Inter-level travel time spent in this place.
 D = Time resting spent in this place.
 E = Time spent auto-exploring this place.
 F = Levels seen in this place.
 G = Mean time per level.
                   A        B        C        D        E       F      G
               +--------+--------+--------+--------+--------+-----+--------+
         Total |  39189 |  37858 |   1331 |  19423 |  12017 |  24 | 1632.9 |
       Dungeon |  18988 |  18087 |    901 |   7035 |   8649 |  13 | 1460.6 |
          Lair |  12071 |  11754 |    317 |   7125 |   2549 |   5 | 2414.2 |
  Orcish Mines |   3184 |   3072 |    112 |   1729 |    500 |   2 | 1592.0 |
         Sewer |    500 |    500 |      0 |    303 |    110 |   1 |  500.0 |
        Bailey |   1647 |   1647 |      0 |   1297 |     44 |   1 | 1647.0 |
      Ice Cave |   1993 |   1993 |      0 |   1425 |    165 |   1 | 1993.0 |
      Gauntlet |    803 |    803 |      0 |    509 |      0 |   1 |  803.0 |
               +--------+--------+--------+--------+--------+-----+--------+

Top non-repeatable levels by time:
  Lair:4: 3255 daAuts
  Lair:5: 3136 daAuts
    D:10: 2820 daAuts
  Lair:2: 2332 daAuts
  Lair:3: 1997 daAuts
   IceCv: 1993 daAuts
   Orc:2: 1911 daAuts
     D:7: 1834 daAuts
    D:12: 1797 daAuts
     D:9: 1741 daAuts
  Bailey: 1647 daAuts
     D:6: 1555 daAuts
     D:5: 1503 daAuts
     D:8: 1496 daAuts
     D:3: 1446 daAuts
